 Dungeon Crawl Stone Soup version 0.28-a0-723-g095bd1b44f (webtiles) character file.

Game seed: 17801188955011689747

137 meatgazer the Skirmisher (level 5, -8/43 HPs)
             Began as a Demonspawn Abyssal Knight on Oct 25, 2021.
             Was a Follower of Lugonu.
             Mangled by an ancient zyme (12 damage)
             ... on level 1 of the Abyss.
             The game lasted 00:01:31 (294 turns).

meatgazer the Skirmisher (Demonspawn Abyssal Knight) Turns: 294, Time: 00:01:31

Health: -8/43      AC:  3    Str: 14    XL:     5   Next: 0%
Magic:  7/7        EV: 11    Int: 12    God:    Lugonu [*.....]
Gold:   0          SH:  0    Dex: 13    Spells: 4/4 levels left

rFire   . . .      SeeInvis .   a - +1 falchion (drain)
rCold   . . .      Faith    .   (no shield)
rNeg    . . .      Spirit   .   b - +0 leather armour
rPois   .          Reflect  .   (no helmet)
rElec   .          Harm     .   (no cloak)
rCorr   .          Rampage  .   (no gloves)
Will    .....                   (no boots)
Stlth   +.........              (no amulet)
HPRegen 0.00/turn               (no ring)
MPRegen 0.10/turn               (no ring)

@: sick
A: demonic guardian 1, weakness stinger 1
a: Renounce Religion, Depart the Abyss


You were on level 1 of the Abyss.
You worshipped Lugonu.
Lugonu was aware of your devotion.
You visited 0 branches of the dungeon, and saw 0 of its levels.
You visited the Abyss 1 time.

Inventory:

Hand Weapons
 a - a +1 falchion of draining (weapon)
Armour
 b - a +0 leather armour (worn)
Potions
 c - a potion of curing {unknown}


   Skills:
 + Level 4.8 Fighting
 + Level 2.3 Long Blades
 + Level 2.4 Armour
 + Level 1.0 Dodging
 + Level 3.1 Invocations


You had 4 spell levels left.
You didn't know any spells.
Your spell library was empty.

Dungeon Overview and Level Annotations

Branches:
Dungeon (0/15)

Altars:


Innate Abilities, Weirdness & Mutations

A weak demonic guardian rushes to your aid.
You have a small tail.


Message History

A harpy zombie comes into view.
c - a grey potion
There are no items here.
Magic restored.
A ynoxinul comes into view.
Found 3 gold pieces.
Found a scroll labelled WULOHU COQESOCS.
Found 21 arrows.
You feel yourself growing ill in the presence of the ancient zyme.
The ancient zyme barely misses you. The ancient zyme hits you.
A chaos spawn comes into view.
You completely miss the ancient zyme.
The chaos spawn gives a chilling moan.
The ancient zyme hits you. The ancient zyme closely misses you.
The ancient zyme hits you. x2; You feel ill.
You hit the ancient zyme.
You tail-slap the ancient zyme, but do no damage.
The ancient zyme is lightly damaged.
The ancient zyme hits you. The ancient zyme closely misses you.
You feel ill.
You hit the ancient zyme but do no damage.
The ancient zyme is lightly damaged.
The ancient zyme hits you.
The ancient zyme hits you but does no damage.
You aren't carrying any scrolls.
The chaos spawn barely misses you.
You feel ill.
You see here a scroll labelled WULOHU COQESOCS.
d - a scroll labelled WULOHU COQESOCS The ancient zyme closely misses you.
The ancient zyme hits you!
As you read the scroll labelled WULOHU COQESOCS, it crumbles to dust.
The scroll dissolves into smoke.
It was a scroll of fog.
The ancient zyme hits you!
* * * LOW HITPOINT WARNING * * *
A demonic guardian appears!
The ancient zyme hits you but does no damage.
The chaos spawn closely misses you.
You hit the chaos spawn.
The chaos spawn is lightly wounded.
The ancient zyme hits you!
You die...

#.# ##. ##.. ..#
##.(.# # #.. #....##
# #..#. ####.#... .$#
#.#.##..§.§§# # #
#......§§§§# .
#.#..####.#.#§x@#...#
. .#. .#....§45§..#
.##...#...#.##§#§#§##
.#. .#...#.. .####...
....#.#..#.... ..#
....##...#...#..#
.... .#....#..#.## .#
#... .......#...#..
... ....... #.....


You could see an ancient zyme (ally target), a chaos spawn and a friendly iron
imp (summoned).

Vanquished Creatures
  A small abomination (Abyss:1)
  A quasit (Abyss:1)
  A white imp (Abyss:1)
3 creatures vanquished.

Notes
Turn   | Place    | Note
-------+----------+-------------------------------------------
     0 | Abyss:1  | meatgazer the Demonspawn Abyssal Knight began the quest for
                  | the Orb.
     0 | Abyss:1  | Reached XP level 1. HP: 18/18 MP: 2/2
    85 | Abyss:1  | Noticed a small abomination
   126 | Abyss:1  | Noticed a large abomination
   159 | Abyss:1  | Noticed a quasit
   160 | Abyss:1  | Noticed a small abomination
   162 | Abyss:1  | Killed a quasit
   162 | Abyss:1  | Killed a small abomination
   163 | Abyss:1  | Reached skill level 4 in Fighting
   163 | Abyss:1  | Reached skill level 1 in Dodging
   163 | Abyss:1  | Gained mutation: You have a small tail. [demonic ancestry]
   163 | Abyss:1  | Reached XP level 2. HP: 14/26 MP: 2/4
   163 | Abyss:1  | Gained mutation: A weak demonic guardian rushes to your
                  | aid. [demonic ancestry]
   163 | Abyss:1  | Reached XP level 3. HP: 17/32 MP: 2/5
   163 | Abyss:1  | Reached XP level 4. HP: 20/38 MP: 2/6
   163 | Abyss:1  | Reached XP level 5. HP: 23/43 MP: 2/7
   169 | Abyss:1  | Noticed a harpy zombie
   241 | Abyss:1  | Noticed a ynoxinul
   278 | Abyss:1  | Noticed an ancient zyme
   283 | Abyss:1  | Noticed a chaos spawn
   294 | Abyss:1  | Mangled by an ancient zyme

Illustrated notes

Levels and vault maps discovered:
Abyss:1:  base: Temple, base: Temple, evilmike_abyss_exit_9,
          evilmike_abyss_exit_9

Skill      XL: |  1 |
---------------+----+-----
Fighting       | 4 |  4.8
Long Blades    | 2 |  2.3
Armour         | 2 |  2.4
Dodging        | 1 |  1.0
Invocations    | 3 |  3.1

Action                   |  1- 3 |  4- 6 || total
-------------------------+-------+-------++-------
Melee: Falchion          |       |     4 ||     4
       Tailslap          |       |     1 ||     1
  Use: Scroll            |     2 |     1 ||     3
Armor: Leather armour    |       |     2 ||     2
Dodge: Dodged            |       |     6 ||     6

Table legend: (Time is in decaauts)
 A = Elapsed time spent in this place.
 B = Non-inter-level travel time spent in this place.
 C = Inter-level travel time spent in this place.
 D = Time resting spent in this place.
 E = Time spent auto-exploring this place.
 F = Levels seen in this place.
 G = Mean time per level.
                   A        B        C        D        E       F      G
               +--------+--------+--------+--------+--------+-----+--------+
         Total |    295 |    295 |      0 |      0 |    119 |   1 |  295.0 |
         Abyss |    295 |    295 |      0 |      0 |    119 |   1 |  295.0 |
               +--------+--------+--------+--------+--------+-----+--------+

Top non-repeatable levels by time:
 Abyss:1: 295 daAuts
